 Dungeon Crawl Stone Soup version 0.30.0-29-ga12c61a403 (webtiles) character file.

Game seed: 16801318368417724529

1630 BONEBRO the Cleaver (level 8, -11/66 HPs)
             Began as a Hill Orc Fighter on June 14, 2023.
             Mangled by Maggie
             ... wielding a +2 heavy glaive
              (14 damage)
             ... on level 7 of the Dungeon.
             The game lasted 00:20:46 (6477 turns).

BONEBRO the Cleaver (Hill Orc Fighter)              Turns: 6477, Time: 00:20:47

Health: -11/66     AC: 21    Str: 21    XL:     8   Next: 97%
Magic:  8/8        EV:  6    Int:  8    God:
Gold:   252        SH:  4    Dex: 10    Spells: 7/7 levels left

rFire   . . .        a - +0 war axe
rCold   . . .        c - +0 buckler
rNeg    . . .        R - +0 plate armour
rPois   +            n - +0 helmet
rElec   .            j - +2 cloak
rCorr   +            v - +0 pair of gloves
SInv    .            u - +0 pair of boots
Will    .....        (no amulet)
Stlth   x              - ring of resist corrosion
HPRegen 0.31/turn    I - ring of poison resistance
MPRegen 0.11/turn

%: no passive effects
@: no status effects
A: no striking features
a: no special abilities


You were on level 7 of the Dungeon.
You visited 2 branches of the dungeon, and saw 8 of its levels.

You collected 302 gold pieces.
You spent 50 gold pieces at shops.

Inventory:

Hand Weapons
 a - a +0 war axe (weapon)
 t - a +5 dagger of holy wrath
Missiles
 y - 2 boomerangs (quivered)
 G - 12 atropa-tipped darts
 P - 3 boomerangs of dispersal
Armour
 b - a +0 scale mail
 c - a +0 buckler (worn)
 j - a +2 cloak (worn)
 n - a +0 helmet (worn)
 u - a +0 pair of boots (worn)
 v - a +0 pair of gloves (worn)
 w - a +1 ring mail of willpower
 R - a +0 plate armour (worn)
Jewellery
 i - a ring of wizardry
 m - a ring of willpower
 x - a ring of resist corrosion (left hand)
 I - a ring of poison resistance (right hand)
 J - a ring of positive energy
 N - a ring of ice
Wands
 d - a wand of flame (33)
 D - a wand of digging (5)
Scrolls
 f - a scroll of blinking {unknown}
 h - 2 scrolls of enchant weapon {unknown}
 o - 3 scrolls of teleportation
 p - a scroll of magic mapping {unknown}
 q - a scroll of acquirement {unknown}
 s - 2 scrolls of poison
 A - a scroll of fear {unknown}
 E - a scroll of silence {unknown}
 H - a scroll of noise {unknown}
 K - a scroll of vulnerability {unknown}
 L - a scroll of immolation {unknown}
 Q - a scroll of amnesia {unknown}
 S - a scroll of summoning {unknown}
Potions
 e - 3 potions of resistance {unknown}
 g - 5 potions of attraction
 k - a potion of brilliance {unknown}
 r - 8 potions of curing
 z - 2 potions of cancellation {unknown}
 B - a potion of magic {unknown}
 C - 2 potions of might
 F - 3 potions of degeneration
 M - 2 potions of ambrosia {unknown}
 O - a potion of berserk rage {unknown}


   Skills:
 - Level 3.9 Fighting
 - Level 10.0 Axes
 * Level 9.4 Armour
 - Level 3.4 Shields


You had 7 spell levels left.
You didn't know any spells.
Your spell library contained the following spells:

 Spells                   Type           Power      Damage    Failure   Level
 Sting                    Tmut/Pois      0%         1d3       100%        1
 Poisonous Vapours        Pois/Air       0%         N/A       100%        2
 Sublimation of Blood     Necr           0%         N/A       100%        2
 Wereblood                Tmut           0%         N/A       100%        2
 Frozen Ramparts          Ice            0%         1d1       100%        3
 Ozocubu's Armour         Ice            0%         N/A       100%        3
 Stone Arrow              Conj/Erth      0%         3d7       100%        3
 Flame Wave               Conj/Fire      0%         2d4       100%        4
 Ice Form                 Ice/Tmut       0%         N/A       100%        4
 Olgreb's Toxic Radiance  Pois           0%         N/A       100%        4
 Summon Ice Beast         Ice/Summ       0%         N/A       100%        4
 Irradiate                Conj/Tmut      0%         3d11      100%        5
 Ozocubu's Refrigeration  Ice            0%         4d7       100%        7
 Summon Hydra             Summ           0%         N/A       100%        7


Dungeon Overview and Level Annotations

Branches:
Dungeon (7/15)             Temple (1/1) D:7

Altars:
Cheibriados
Dithmenos
Fedhas
Gozag
Hepliaklqana
Kikubaaqudgha
Makhleb
Nemelex Xobeh
Okawaru
Qazlal
Sif Muna
Trog
Uskayaw
Vehumet
Wu Jian
Xom
Yredelemnul
Zin
The Shining One

Shops:
D:1 !   D:4 [

Annotations:
D:7 Maggie


Message History

Maggie hits you but does no damage.
You hit Maggie.
Maggie is moderately wounded.
You hit Maggie.
Maggie is moderately wounded.
Maggie gestures at you while chanting. The bolt of fire hits you.
You closely miss Maggie.
Maggie is moderately wounded.
Maggie hits you with a +2 heavy glaive!!
You hit Maggie but do no damage.
Maggie is moderately wounded.
Maggie barely misses you.
You hit Maggie.
Maggie is moderately wounded.
You feel much better.
Maggie hits you with a +2 heavy glaive!!
You hit Maggie.
Maggie is heavily wounded.
Maggie hits you with a +2 heavy glaive.
You hit Maggie but do no damage.
Maggie is heavily wounded.
You closely miss Maggie.
Maggie is heavily wounded.
Maggie hits you with a +2 heavy glaive!
* * * LOW HITPOINT WARNING * * *
You hit Maggie.
Maggie is heavily wounded.
Maggie gives herself a magical halo, but it quickly sputters out.
Maggie hits you with a +2 heavy glaive!
* * * LOW HITPOINT WARNING * * *
You closely miss Maggie.
Maggie is heavily wounded.
You closely miss Maggie.
Maggie is heavily wounded.
Maggie hits you but does no damage.
You slice Maggie!!
Maggie is almost dead.
Maggie hits you with a +2 heavy glaive!
You die...

..# .≈#P#
#####.###.....# . ≈.≈..#
#..........#### ...####
#.####..#### ..## ..
##.# . .# #.# #.#####
#.# #.# #......#..# #.#
#......@.# #.###
#......@########...###
#....................###
#....<.#############.)..
#...... ##..#.. #......
#....#. ####### #.#..#.
#..##.. ########.....>
##.........#...


You could see Maggie.

Vanquished Creatures
  Sigmund (D:4)
  A wyvern (D:7)
  Menkaure (D:4)
  2 ogres
  Blork the orc (D:4)
  2 bullfrogs
  2 scorpions
  The ghost of Quinzaine the Conjurer, a weakling HOCj (D:3)
  3 hounds
  A gnoll bouda (D:7)
  3 jellies
  Crazy Yiuf (D:5)
  Jessica (D:2)
  Ijyb (D:4)
  5 iguanas
  Robin (D:2)
  5 gnolls (D:7)
  5 adders
  A shadow imp (D:7)
  A white imp (D:5)
  An ufetubus (D:7)
  7 worms
  3 dart slugs
  8 orcs
  2 endoplasms
  3 giant cockroaches
  9 hobgoblins
  3 jackals (D:4)
  A quokka (D:2)
  5 ball pythons
  5 bats
  6 frilled lizards
  18 goblins
  3 kobolds
  10 rats
123 creatures vanquished.

Notes
Turn   | Place    | Note
-------+----------+-------------------------------------------
     0 | D:1      | BONEBRO the Hill Orc Fighter began the quest for the Orb.
     0 | D:1      | Reached XP level 1. HP: 19/19 MP: 1/1
    89 | D:1      | Reached XP level 2. HP: 27/27 MP: 2/2
   114 | D:1      | Reached skill level 3 in Axes
   404 | D:1      | Reached XP level 3. HP: 33/33 MP: 3/3
   465 | D:1      | Found Ashoj's Distillery.
   468 | D:1      | Bought a potion of heal wounds for 50 gold pieces
   491 | D:1      | Reached skill level 4 in Axes
  1110 | D:2      | Found a radiant altar of Vehumet.
  1374 | D:2      | Noticed Robin
  1382 | D:2      | Killed Robin
  1383 | D:2      | Reached skill level 5 in Axes
  1383 | D:2      | Reached XP level 4. HP: 20/40 MP: 4/4
  1542 | D:2      | Noticed Jessica
  1551 | D:2      | Killed Jessica
  1908 | D:3      | Reached skill level 6 in Axes
  2174 | D:3      | Found a runed translucent gate.
  2175 | D:3      | Found a runed translucent gate.
  2175 | D:3      | Found a runed translucent gate.
  2183 | D:3      | Noticed Quinzaine's ghost (weakling HOCj)
  2198 | D:3      | Killed Quinzaine's ghost
  2199 | D:3      | Reached XP level 5. HP: 32/46 MP: 5/5
  2444 | D:3      | Found a hazy altar of Hepliaklqana.
  2731 | D:3      | Reached skill level 7 in Axes
  2748 | D:4      | Reached XP level 6. HP: 32/52 MP: 6/6
  3047 | D:4      | Reached skill level 8 in Axes
  3088 | D:4      | Found Jodollat's Antique Armour Shop.
  3097 | D:4      | Noticed Sigmund
  3098 | D:4      | Noticed Menkaure
  3131 | D:4      | Killed Sigmund
  3131 | D:4      | Killed Menkaure
  3132 | D:4      | Reached skill level 10 in Axes
  3132 | D:4      | Reached XP level 7. HP: 22/58 MP: 7/7
  3398 | D:4      | Noticed Blork the orc
  3410 | D:4      | Killed Blork the orc
  4036 | D:4      | Noticed Ijyb
  4047 | D:4      | Killed Ijyb
  4272 | D:5      | Entered Level 5 of the Dungeon
  4278 | D:5      | Reached skill level 5 in Armour
  4333 | D:5      | Reached XP level 8. HP: 58/66 MP: 8/8
  4865 | D:5      | Found a runed translucent door.
  4868 | D:5      | Noticed Crazy Yiuf
  4879 | D:5      | Killed Crazy Yiuf
  5110 | D:6      | Got the Secrets of Plutonic Injury
  5177 | D:6      | Found a bloodstained altar of Trog.
  5794 | D:7      | Noticed a wyvern
  5809 | D:7      | Killed a wyvern
  5983 | D:7      | Found a staircase to the Ecumenical Temple.
  5994 | Temple   | Entered the Ecumenical Temple
  6446 | D:7      | Noticed Maggie
  6474 | D:7      | HP: 2/66 [Maggie/+2 heavy glaive (12)]
  6477 | D:7      | Mangled by Maggie

Illustrated notes

Levels and vault maps discovered:
D:1:      kennysheep_arrival_seaside, layout_loops_ring, serial_shops,
          nicolae_shop_real_fake_doors, hex_tiny
D:2:      layout_basic, basic_altar, uniq_robin, uniq_jessica
D:3:      layout_loops_ring, worldfamousw_hep_ancestral_shrine,
          ebering_ghost_rock_garden, nicolae_wormholes
D:4:      kennysheep_goblin_castle, layout_layer_cave, serial_shops, shop,
          chequers_serial_rivers_room_a, uniq_sigmund, uniq_blork_the_orc,
          uniq_menkaure
D:5:      layout_rooms, serial_bayou_pond_a, minmay_circle_x,
          uniq_crazy_yiuf_cottage
D:6:      layout_basic, mainiacjoe_overflow_cross_hatched
D:7:      layout_rooms, nicolae_elyvilon_temple_path,
          minmay_temple_entry_mini_moons, uniq_maggie
Temple:   bh_familiar_temple

Skill      XL: |  1  2  3  4  5  6  7  8 |
---------------+-------------------------+-----
Axes           | 3 5 6 7 10 | 10.0
Armour         | 5 9 |  9.4
Fighting       | |  3.9
Shields        | |  3.4

Action                     |  1- 3 |  4- 6 |  7- 9 || total
---------------------------+-------+-------+-------++-------
  Melee: War axe           |   120 |   114 |   208 ||   442
    Use: Potion            |       |     1 |     6 ||     7
         Scroll            |       |       |     5 ||     5
 Armour: Scale mail        |    62 |    15 |       ||    77
         Ring mail         |       |    27 |    59 ||    86
         Plate armour      |       |       |    27 ||    27
  Dodge: Dodged            |    48 |    44 |    85 ||   177
  Block: Buckler           |    28 |    21 |    50 ||    99
